 Dungeon Crawl Stone Soup version 0.31-a0-177-g4aa6249778 (webtiles) character file.

Game seed: 14004990464156037525

134 qw the Chopper (level 5, -3/32 HPs)
             Began as a Gargoyle Fighter on June 18, 2023.
             Slain by an ogre
             ... wielding a +0 giant club
              (15 damage)
             ... on level 3 of the Dungeon.
             The game lasted 00:01:10 (2745 turns).

qw the Chopper (Gargoyle Fighter)                   Turns: 2745, Time: 00:01:10

Health: -3/32      AC: 20    Str: 21    XL:     5   Next: 17%
Magic:  5/5        EV: 14    Int:  9    God:
Gold:   85         SH:  4    Dex:  9    Spells: 4/4 levels left

rFire   . . .        Y - +0 war axe
rCold   . . .        c - +0 buckler
rNeg    + . .        t - +4 scale mail
rPois   inf          e - +0 helmet
rElec   +            (no cloak)
rCorr   .            q - +0 pair of gloves
SInv    .            n - +2 pair of boots
Will    .....        j - amulet of faith Stlth
                     a - +5 ring of evasion
HPRegen 0.25/turn    (no ring)
MPRegen 0.09/turn

%: faith
@: no status effects
A: sickness immunity, AC +4, negative energy resistance 1, electricity
resistance, torment resistance 1, petrification resistance
a: no special abilities


You were on level 3 of the Dungeon.
You visited 1 branch of the dungeon, and saw 4 of its levels.

You collected 85 gold pieces.


Innate Abilities, Weirdness & Mutations

You are immune to sickness and miasma.
Your stone body is resilient. (AC +4)
You are immune to poison.
You resist negative energy. (rN+)
You are resistant to electric shocks. (rElec)
You are resistant to unholy torment.
You are immune to petrification.


   Skills:
 - Level 3.2 Fighting
 + Level 4.7 Axes
 - Level 3.2 Armour
 - Level 3.2 Shields


You had 4 spell levels left.
You didn't know any spells.
Your spell library was empty.

Inventory:

Hand Weapons
 s - a +0 mace
 Y - a +0 war axe (weapon)
Armour
 c - a +0 buckler (worn)
 e - a +0 helmet (worn)
 n - a +2 pair of boots (worn)
 q - a +0 pair of gloves (worn)
 t - a +4 scale mail (worn)
Jewellery
 a - a +5 ring of evasion (left hand)
 j - an amulet of faith (around neck)
Scrolls
 h - a scroll of identify
Potions
 d - a potion of might
 f - a potion of mutation
 g - a potion of haste
 l - a potion of heal wounds
 o - a potion of cancellation {unknown}
 p - a potion of resistance {unknown}
 r - a potion of degeneration {unknown}

Dungeon Overview and Level Annotations

Branches:
Dungeon (4/15)
 Temple: D:4-7

Altars:
Hepliaklqana

Shops:
D:1 [=


Message History

The scorpion closely misses you. The ogre closely misses you.
You barely miss the ball python.
The ball python is severely wounded.
You hit the scorpion. You barely miss the ogre.
The ball python bites you but does no damage.
The ball python constricts you. The scorpion stings you.
The ball python bites you but does no damage.
The ball python constricts you.
You hit the ball python.
You kill the ball python!
You barely miss the scorpion. You hit the ogre.
The scorpion stings you but does no damage.
You block the ogre's attack. The scorpion barely misses you.
2739 ||| STAIRDANCE The ogre hits you with a +0 giant club!
Ouch! That really hurt!
The scorpion closely misses you.
You climb upwards.
There is a stone staircase leading down here.
You hit the scorpion but do no damage.
The scorpion is severely wounded.
You barely miss the ogre.
The scorpion stings you but does no damage.
The ogre closely misses you.
The scorpion stings you but does no damage.
You hit the scorpion.
The scorpion is almost dead.
You barely miss the ogre. The scorpion barely misses you.
The ogre hits you but does no damage.
You slash the scorpion!
You kill the scorpion!
You barely miss the ogre. The ogre misses you.
You have reached level 5!
You hit the ogre.
The ogre is heavily wounded.
You slash the ogre!
The ogre is almost dead.
The ogre hits you with a +0 giant club!
You die...

.........##.......#.............#
..##########......#.............#
....# ##.....#.............#
....# #.....#.............# ....#
#.....#.............#
....#########.....'.............#
....#.......##....#.............#
....#.......####O.#.............#
#####.......# #@.###############
### #.......# #.## ..# #.......#
#.# ..###...)...# #.#
......#....## #.# ......#....#
#.# ......#....# #.# ......#....#
#.# ......#....#####.#


You could see an ogre.

Vanquished Creatures
  A scorpion (D:3)
  An adder (D:4)
  A worm (D:2)
  2 dart slugs
  An orc (D:3)
  8 endoplasms
  6 giant cockroaches (D:2)
  6 goblins
  6 hobgoblins
  A jackal (D:2)
  A quokka (D:1)
  4 ball pythons
  4 bats
  4 frilled lizards
  6 kobolds
  2 rats (D:1)
54 creatures vanquished.

Notes
Turn   | Place    | Note
-------+----------+-------------------------------------------
     0 | D:1      | qw the Gargoyle Fighter began the quest for the Orb.
     0 | D:1      | Reached XP level 1. HP: 14/14 MP: 1/1
     0 | D:1      | 0 ||| qw: Version: 0.3-a-5-g6f28e65
     0 | D:1      | 0 ||| qw: Game counter: 589
     0 | D:1      | 0 ||| qw: Always use a shield: true
     0 | D:1      | 0 ||| qw: God list: Okawaru
     0 | D:1      | 0 ||| qw: Allow faded altars: false
     0 | D:1      | 0 ||| qw: Do Orc after D:15 true
     0 | D:1      | 0 ||| qw: Do second Lair branch before Depths: true
     0 | D:1      | 0 ||| qw: Lair rune preference: random
     0 | D:1      | 0 ||| qw: Plans: Normal, Zot:1-4, Slime:5, God:TSO, Crypt,
                  | Tomb, Abyss, Pan, Hells, Win
     0 | D:1      | 0 ||| PLANNING D:1-11
    35 | D:1      | Reached skill level 2 in Axes
   102 | D:1      | Found a faded altar of an unknown god.
   136 | D:1      | Found Ozymeamo's Jewellery Emporium.
   146 | D:1      | 146 ||| SHOPLISTING amulet of faith (560 gold, have 0).
   146 | D:1      | 146 ||| SHOPLISTING amulet of reflection (420 gold, have
                  | 0).
   146 | D:1      | 146 ||| SHOPLISTING amulet of regeneration (420 gold, have
                  | 0).
   146 | D:1      | 146 ||| SHOPLISTING ring of ice (350 gold, have 0).
   146 | D:1      | 146 ||| SHOPLISTING ring of see invisible (210 gold, have
                  | 0).
   204 | D:1      | Reached XP level 2. HP: 19/19 MP: 2/2
   428 | D:1      | 428 ||| Stepping ~*~*~tactically~*~*~ (hiding).
   648 | D:1      | Found Bionn's Antique Armour Emporium.
   668 | D:1      | Reached skill level 3 in Axes
   709 | D:1      | Found Qacaubu's Antique Armour Emporium.
   716 | D:1      | 716 ||| SHOPLISTING obsidian-encrusted scale mail (279
                  | gold, have 16).
   716 | D:1      | 716 ||| SHOPLISTING pair of ichor-stained gloves (294 gold,
                  | have 16).
   716 | D:1      | 716 ||| SHOPLISTING runed plate armour (806 gold, have 16).
  1118 | D:1      | 1118 ||| UPGRADING to +0 helmet.
  1123 | D:1      | 1123 ||| DROPPING -3 cloak.
  1124 | D:1      | 1124 ||| UPGRADING to +0 pair of boots.
  1129 | D:1      | 1129 ||| UPGRADING to amulet of faith.
  1134 | D:1      | 1134 ||| READING scroll labelled HIBEHU FIFI.
  1135 | D:1      | 1135 ||| READING scroll labelled YRURACZ UFIOD.
  1252 | D:2      | Reached XP level 3. HP: 23/23 MP: 3/3
  1305 | D:2      | 1305 ||| Stepping ~*~*~tactically~*~*~ (hiding).
  1363 | D:2      | 1363 ||| Stepping ~*~*~tactically~*~*~ (hiding).
  1364 | D:2      | 1364 ||| Stepping ~*~*~tactically~*~*~ (hiding).
  1627 | D:2      | 1627 ||| Stepping ~*~*~tactically~*~*~ (stealth).
  1835 | D:2      | 1835 ||| READING scroll labelled PEEROH CAESO.
  1836 | D:2      | 1836 ||| READING scroll labelled NOLUPP QERIGYL.
  1837 | D:2      | 1837 ||| DRINKING 2 fizzy white potions.
  1895 | D:3      | 1895 ||| DROPPING +0 club.
  1910 | D:3      | Reached XP level 4. HP: 28/28 MP: 4/4
  2149 | D:3      | 2149 ||| DROPPING +0 whip.
  2336 | D:3      | Found a hazy altar of Hepliaklqana.
  2569 | D:3      | 2569 ||| UPGRADING to +2 pair of boots.
  2579 | D:3      | 2579 ||| DROPPING +0 pair of boots.
  2580 | D:3      | 2580 ||| UPGRADING to +0 pair of gloves.
  2585 | D:3      | 2585 ||| UPGRADING to +4 scale mail.
  2595 | D:3      | 2595 ||| DROPPING +0 scale mail.
  2596 | D:3      | 2596 ||| UPGRADING to +5 ring of evasion.
  2597 | D:3      | 2597 ||| DRINKING 2 black potions.
  2598 | D:3      | 2598 ||| DRINKING 2 fizzy yellow potions.
  2703 | D:3      | 2703 ||| READING 3 scrolls of identify.
  2703 | D:3      | 2703 ||| IDENTIFYING smoky amethyst potion
  2704 | D:3      | 2704 ||| READING 2 scrolls of identify.
  2704 | D:3      | 2704 ||| IDENTIFYING coppery potion
  2705 | D:3      | 2705 ||| DROPPING potion of brilliance.
  2706 | D:3      | 2706 ||| DROPPING potion of berserk rage.
  2724 | D:4      | Noticed a scorpion
  2725 | D:4      | Noticed an ogre
  2734 | D:4      | Reached skill level 4 in Axes
  2739 | D:4      | 2739 ||| STAIRDANCE
  2743 | D:3      | Killed a scorpion
  2744 | D:3      | Reached XP level 5. HP: 12/32 MP: 5/5
  2745 | D:3      | Slain by an ogre

Levels and vault maps discovered:
D:1:      mrwooster_arrival_arrow, layout_loops_corners, serial_shops,
          nicolae_shop_advertising_works [nicolae_subvault_shop_adworks], shop,
          nicolae_shop_scrapyard, basic_ecumenical_altar, serial_bayou,
          serial_bayou_shore_a, serial_bayou_shore_b, serial_bayou_lagoon_a,
          serial_bayou_shore_b, serial_bayou_pond_a
D:2:      minmay_angry_zag, layout_rooms, minmay_worlds_worst_comb
D:3:      layout_basic, mainiacjoe_overflow_alcove_2
D:4:      minmay_diamond_boxcup, layout_basic, grunt_gozag_breadcrumbs,
          serial_undead, serial_undead_f, serial_undead_e, serial_undead_e,
          serial_undead_b, serial_undead_b, serial_undead_a, serial_undead_b,
          minmay_vboxes, uniq_ijyb

Skill      XL: |  1  2  3  4 |
---------------+-------------+-----
Axes           | 2 3 4 |  4.7
Fighting       | |  3.2
Armour         | |  3.2
Shields        | |  3.2

Action                     |  1- 3 |  4- 6 || total
---------------------------+-------+-------++-------
  Melee: War axe           |   111 |    45 ||   156
    Use: Scroll            |     4 |     2 ||     6
         Potion            |     1 |     2 ||     3
 Armour: Scale mail        |    41 |    33 ||    74
  Dodge: Dodged            |    36 |    46 ||    82
  Block: Buckler           |    11 |    11 ||    22

Table legend:
 A = Non-vault XP
 B = Vault XP
 C = Vault XP percentage of total XP
 D = Non-vault monster count
 E = Vault monster count
 F = Vault count percentage of total count
                 A         B        C        D         E       F
            +---------+---------+-------+---------+---------+-------
      Total |     153 |      39 |  20.3 |      41 |      13 |  24.1
            +---------+---------+-------+---------+---------+-------
        D:1 |      31 |       0 |   0.0 |      19 |       0 |   0.0
        D:2 |      23 |      24 |  51.1 |      12 |      11 |  47.8
        D:3 |      99 |       0 |   0.0 |      10 |       0 |   0.0
        D:4 |       0 |      15 | 100.0 |       0 |       2 | 100.0
            +---------+---------+-------+---------+---------+-------
